 Dungeon Crawl Stone Soup version 0.21.1-1-g345015f (webtiles) character file.

75 zishaf the Slasher (level 4, -2/36 HPs)
             Began as a Barachi Fighter on May 12, 2018.
             Slain by Natasha (4 damage)
             ... on level 2 of the Dungeon.
             The game lasted 00:03:57 (1324 turns).

zishaf the Slasher (Barachi Fighter)                Turns: 1324, Time: 00:03:58

Health: -2/36      AC:  6    Str: 18    XL:     4   Next: 31%
Magic:  4/4        EV:  7    Int:  9    God:
Gold:   92         SH:  9    Dex: 11    Spells: 3/3 levels left

rFire    . . .     SeeInvis .   a - +0 long sword
rCold    . . .     Gourm    .   c - +0 shield
rNeg     . . .     Faith    .   b - +0 scale mail
rPois    .         Spirit   .   (no helmet)
rElec    .         Reflect  .   (no cloak)
rCorr    .         Harm     .   (no gloves)
MR       .....                  (no boots)
Stlth    ..........             (no amulet)
HPRegen  0.12/turn              (no ring)
MPRegen  0.09/turn              (no ring)

@: can't hop, slow
A: +LOS, swims, slowness 1, strong legs 1
a: Hop


You were on level 2 of the Dungeon.
You were hungry.

You visited 1 branch of the dungeon, and saw 2 of its levels.

You collected 92 gold pieces.

Inventory:

Hand Weapons
 a - a +0 long sword (weapon)
Armour
 b - a +0 scale mail (worn)
 c - a +0 shield (worn)
Scrolls
 g - a scroll of teleportation {unknown}
 h - a scroll of amnesia {unknown}
 j - a scroll of blinking {unknown}
Potions
 d - a potion of might
 e - a potion of heal wounds {unknown}
 i - 3 potions of flight {unknown}
 l - a potion of cancellation {unknown}
Comestibles
 f - 5 rations


   Skills:
 - Level 3.6 Fighting
 + Level 5.4 Long Blades
 - Level 3.6 Armour
 - Level 3.2 Shields


You had 3 spell levels left.
You didn't know any spells.

Dungeon Overview and Level Annotations

Branches:
Dungeon (2/15)

Altars:

Annotations:
D:2 Natasha


Innate Abilities, Weirdness & Mutations

Shadows flee at your approach. (+LOS)
You can swim through water.
You cover ground slowly.
You can hop short distances.


Message History

You barely miss Natasha.
Natasha is lightly wounded.
The bat hits you but does no damage. x2
Natasha stares at you and mumbles some strange words.
The magic dart hits you!
* * * LOW HITPOINT WARNING * * *
You closely miss Natasha.
Natasha is lightly wounded.
The bat hits you but does no damage.
Natasha stares at you and mumbles some strange words.
The magic dart hits you!
* * * LOW HITPOINT WARNING * * *
You barely miss Natasha.
Natasha is lightly wounded.
The bat hits you but does no damage. You block Natasha's attack.
The bat closely misses you.
You riposte.
You miss the bat. You miss Natasha.
Natasha is lightly wounded.
The bat hits you but does no damage. Natasha claws you.
You die...

................ ..............%
..............##.
.................
...............#.
..$.............! ..#
...............#+#..#
.....................
#..h@..####......
...#.........................##
...#...............$..........#
..............b)........# ....##
....<...................#.......
.......[..............###......>
......................# .......
......................###.......
...........................#


You could see Natasha and a bat.

Vanquished Creatures
  A gnoll (D:1)
  4 adders (D:2)
  An ooze (D:1)
  2 dart slugs (D:1)
  3 bats (D:1)
  4 goblins (D:1)
  3 hobgoblins
  2 ball pythons (D:2)
  2 kobolds (D:1)
  3 rats
25 creatures vanquished.

Vanquished Creatures (others)
  A rat (D:1)
1 creature vanquished.

Grand Total: 26 creatures vanquished

Notes
Turn   | Place    | Note
-------+----------+-------------------------------------------
     0 | D:1      | zishaf the Barachi Fighter began the quest for the Orb.
     0 | D:1      | Reached XP level 1. HP: 18/18 MP: 1/1
    34 | D:1      | Reached skill level 3 in Long Blades
    37 | D:1      | Reached XP level 2. HP: 16/24 MP: 2/2
   346 | D:1      | Reached skill level 4 in Long Blades
   385 | D:1      | Reached XP level 3. HP: 26/29 MP: 3/3
   781 | D:2      | Reached skill level 5 in Long Blades
  1086 | D:2      | Reached XP level 4. HP: 36/36 MP: 4/4
  1315 | D:2      | Noticed Natasha
  1324 | D:2      | Slain by Natasha

Skill      XL: |  1  2  3 |
---------------+----------+-----
Long Blades    | 3 4 5 |  5.4
Fighting       | |  3.6
Armour         | |  3.6
Shields        | |  3.2

Action                   |  1- 3 |  4- 6 || total
-------------------------+-------+-------++-------
Melee: Long sword        |    96 |    21 ||   117
 Abil: Hop               |       |     1 ||     1
  Eat: Chunk             |     1 |       ||     1
Armor: Scale mail        |    46 |    16 ||    62
Dodge: Dodged            |    33 |     6 ||    39
Block: Shield            |    51 |     8 ||    59
       Rpst.: Long sword |     9 |     2 ||    11
